 Dungeon Crawl Stone Soup version 0.30-a0-799-g109b55a442 (webtiles) character file.

Game seed: 7263069172440612053

347 BlueFish the Vexing (level 6, -3/44 HPs)
             Began as a Vampire Enchanter on Feb 21, 2023.
             Slain by a gnoll bouda
             ... wielding a +0 club
              (8 damage)
             ... on level 3 of the Dungeon.
             The game lasted 00:09:43 (2786 turns).

BlueFish the Vexing (Vampire Enchanter)             Turns: 2786, Time: 00:09:44

Health: -3/44      AC:  3    Str:  7    XL:     6   Next: 32%
Magic:  2/10       EV: 13    Int: 17    God:
Gold:   100        SH:  0    Dex: 17    Spells: 2/11 levels left

rFire   . . .      SeeInvis +    a - +1 dagger
rCold   . . .      Faith    .    (no shield)
rNeg    . . .      Spirit   .    b - +0 robe
rPois   .          Reflect  .    y - +0 helmet
rElec   .          Harm     .    (no cloak)
rCorr   .          Rampage  .    (no gloves)
Will    .....                    (no boots)
Stlth   +++                      (no amulet)
HPRegen 0.47/turn                (no ring)
MPRegen 0.12/turn                (no ring)

@: weakened, healing quickly
A: alive, fangs 3, see invisible, vampiric 2
a: Exsanguinate


You were on level 3 of the Dungeon.
You visited 1 branch of the dungeon, and saw 4 of its levels.
You also visited: Sewer.

You collected 100 gold pieces.

Inventory:

Hand Weapons
 a - a +1 dagger (weapon)
Armour
 b - a +0 robe (worn)
 y - a +0 helmet (worn)
Jewellery
 o - a ring of protection from cold
 s - a +5 ring of evasion
 x - an amulet of the acrobat
Wands
 p - a wand of mindburst (13)
Scrolls
 f - 2 scrolls of magic mapping {unknown}
 h - 2 scrolls of blinking
 i - a scroll of noise {unknown}
 l - 4 scrolls of vulnerability {unknown}
 m - a scroll of butterflies {unknown}
 q - 3 scrolls of teleportation {unknown}
 t - 2 scrolls of enchant weapon {unknown}
 u - a scroll of poison {unknown}
 z - a scroll of identify
Potions
 c - 2 potions of invisibility
 d - a potion of resistance
 e - a potion of haste
 g - 2 potions of curing {unknown}
 j - a potion of berserk rage
 k - a potion of cancellation {unknown}
 n - a potion of degeneration {unknown}
 r - a potion of heal wounds {unknown}
 v - a potion of brilliance {unknown}
 w - a potion of might {unknown}


   Skills:
 + Level 1.9 Fighting
 + Level 2.6 Short Blades
 + Level 1.5 Armour
 + Level 3.5 Dodging
 + Level 5.7 Stealth
 + Level 3.0 Spellcasting
 + Level 5.8 Hexes


You had 2 spell levels left.
You knew the following spells:

 Your Spells              Type           Power      Damage    Failure   Level
a - Ensorcelled Hibernat  Hex/Ice        24%        N/A       9%          2
b - Confusing Touch       Hex            22%        N/A       4%          3
c - Tukima's Dance        Hex            22%        N/A       4%          3
d - Slow                  Hex            88%        N/A       1%          1

Your spell library contained the following spells:

 Spells                   Type           Power      Damage    Failure   Level
 Sublimation of Blood     Necr           2%         N/A       26%         2
 Dazzling Flash           Conj/Hex       24%        N/A       16%         3
 Portal Projectile        Hex/Tloc       24%        N/A       16%         3
 Vampiric Draining        Necr           2%         2d6       45%         3
 Petrify                  Tmut/Erth      2%         N/A       86%         4
 Blade Hands              Tmut           1%         N/A       99%         5
 Irradiate                Conj/Tmut      1%         3d12      99%         5


Dungeon Overview and Level Annotations

Branches:
Dungeon (4/15)              Sewer (visited)
 Temple: D:4-7

Altars:
Okawaru


Innate Abilities, Weirdness & Mutations

Your natural rate of healing is accelerated.
You have razor-sharp teeth.
You have supernaturally acute eyesight. (SInv)
You are afflicted with vampirism and can become a bat while bloodless.


Message History

The gnoll picks up the pace!
The gnoll bouda closely misses you.
You climb upwards.
There is a stone staircase leading down here.
Casting: Tukima's Dance (dangerous; 4% risk of failure)
Confirm with . or Enter, or press ? or * to list all spells.
Aiming: Tukima's Dance (dangerous; 4% risk of failure)
Press: ? - help, Shift-Dir - straight line, f - gnoll bouda
Aim: a gnoll bouda, wielding a +0 club and wearing a +0 robe (lightly wounded, chance to affect: 54%)
The gnoll bouda resists with significant effort.
The gnoll bouda hits you with a +0 club!
* * * LOW HITPOINT WARNING * * *
Casting: Tukima's Dance (dangerous; 4% risk of failure)
Confirm with . or Enter, or press ? or * to list all spells.
You don't have enough magic to cast this spell.
Unknown command.
You hit the gnoll bouda. You bite the gnoll bouda.
The gnoll bouda is moderately wounded.
You barely miss the gnoll bouda. Your bite misses the gnoll bouda.
The gnoll bouda is moderately wounded.
The gnoll bouda completely misses you.
You hit the gnoll bouda but do no damage.
The gnoll bouda is moderately wounded.
The gnoll bouda closely misses you.
You hit the gnoll bouda. You bite the gnoll bouda.
The gnoll bouda is moderately wounded.
The gnoll bouda gazes fiercely through you!
You feel as though you will be weak longer.
The gnoll bouda hits you with a +0 club!
* * * LOW HITPOINT WARNING * * *
You closely miss the gnoll bouda.
The gnoll bouda is moderately wounded.
The gnoll bouda hits you but does no damage.
You hit the gnoll bouda.
The gnoll bouda is moderately wounded.
The gnoll bouda misses you.
You hit the gnoll bouda but do no damage.
The gnoll bouda is moderately wounded.
The gnoll bouda hits you with a +0 club!
You die...

##.....# #.#
#.###..).# ####..##
#.# #.##.....#
.......## #.##
#.#......# .#####÷.#
#..###...#....# .#
##.#####...#..###...#
##
#..##.....#........#
##.................#
##....)...........#
#......g@........#
#÷[.............##
#...............#
#...............#
##.............##
##............#
####.........#
#.........#
#.........#


You could see a gnoll bouda.

Vanquished Creatures
  2 bullfrogs (Sewer)
  A jelly (D:4)
  5 adders
  A gnoll (D:4)
  A worm (D:2)
  3 dart slugs (D:1)
  2 orcs
  19 endoplasms
  10 giant cockroaches
  4 hobgoblins
  2 kobolds (D:1)
  13 quokkas
  12 ball pythons
  3 bats
  18 frilled lizards
  10 goblins
  8 rats
114 creatures vanquished.

Vanquished Creatures (collateral kills)
  A gnoll (D:4)
1 creature vanquished.

Grand Total: 115 creatures vanquished

Notes
Turn   | Place    | Note
-------+----------+-------------------------------------------
     0 | D:1      | BlueFish the Vampire Enchanter began the quest for the Orb.
     0 | D:1      | Reached XP level 1. HP: 13/13 MP: 3/3
   158 | D:1      | Reached XP level 2. HP: 16/20 MP: 5/5
   434 | D:1      | Gained mutation: You are afflicted with vampirism and can
                  | become a bat while bloodless. [Vampire growth]
   434 | D:1      | Reached XP level 3. HP: 25/25 MP: 6/6
   436 | D:1      | Learned a level 1 spell: Slow
   439 | D:1      | Learned a level 2 spell: Ensorcelled Hibernation
   443 | D:1      | Learned a level 3 spell: Confusing Touch
   992 | D:2      | Reached skill level 1 in Fighting
  1151 | D:2      | Reached skill level 5 in Hexes
  1199 | D:2      | Reached XP level 4. HP: 30/32 MP: 7/7
  1400 | D:2      | Found a faded altar of an unknown god.
  1460 | D:3      | Found a glowing drain.
  1507 | Sewer    | Entered a sewer
  1519 | Sewer    | Reached skill level 5 in Stealth
  1580 | Sewer    | Reached skill level 1 in Armour
  1967 | Sewer    | Reached XP level 5. HP: 36/37 MP: 5/8
  2078 | Sewer    | Reached XP level 6. HP: 17/44 MP: 1/10
  2194 | D:3      | Found an iron altar of Okawaru.
  2726 | D:3      | Learned a level 3 spell: Tukima's Dance
  2786 | D:3      | Slain by a gnoll bouda

Illustrated notes

Levels and vault maps discovered:
D:1:      dpeg_arrival_stone_temple_mockup, layout_basic
D:2:      layout_basic, shapermc_ecumenical_altar_mp_urbaneastern,
          nicolae_titane
D:3:      layout_rooms, okawaru_gym_becter, cheibrodos_sewer_entry_drain,
          kennysheep_generic_room_13
D:4:      layout_basic, lemuel_zombie_altar_yredelemnul,
          mainiacjoe_overflow_catwalk_spiral, minmay_temple_entry_waves

Skill      XL: |  1  2  3  4  5  6 |
---------------+-------------------+-----
Fighting       | 1 |  1.9
Hexes          | 5 |  5.8
Stealth        | 5 |  5.7
Armour         | 1 |  1.5
Dodging        | 3 |  3.5
Short Blades   | 2 |  2.6
Spellcasting   | 3 |  3.0

Action                     |  1- 3 |  4- 6 || total
---------------------------+-------+-------++-------
  Melee: Dagger            |   130 |   278 ||   408
         Bite              |    14 |    25 ||    39
         Punch             |     2 |     2 ||     4
   Cast: Ensorcelled Hiber |     2 |    16 ||    18
         Slow              |     1 |     4 ||     5
         Tukima's Dance    |       |     4 ||     4
    Use: Scroll            |     3 |       ||     3
   Stab: Sleeping          |    12 |    14 ||    26
         Distracted        |       |     1 ||     1
 Armour: Robe              |    11 |    38 ||    49
  Dodge: Dodged            |    73 |   203 ||   276

Table legend: (Time is in decaauts)
 A = Elapsed time spent in this place.
 B = Non-inter-level travel time spent in this place.
 C = Inter-level travel time spent in this place.
 D = Time resting spent in this place.
 E = Time spent auto-exploring this place.
 F = Levels seen in this place.
 G = Mean time per level.
                   A        B        C        D        E       F      G
               +--------+--------+--------+--------+--------+-----+--------+
         Total |   2817 |   2762 |     55 |     15 |   1550 |   5 |  563.4 |
       Dungeon |   2113 |   2058 |     55 |      7 |   1260 |   4 |  528.2 |
         Sewer |    704 |    704 |      0 |      8 |    290 |   1 |  704.0 |
               +--------+--------+--------+--------+--------+-----+--------+

Top non-repeatable levels by time:
     D:1: 785 daAuts
   Sewer: 704 daAuts
     D:2: 655 daAuts
     D:3: 613 daAuts
     D:4: 59 daAuts
